Map: Honorgrounds LE

Players

Railgan - Winner!

  • Race: Zerg Zerg
  • League: Grandmaster
  • Spawn Location: 5:00

DIMAGA

  • Race: Zerg Zerg
  • League: Grandmaster
  • Spawn Location: 1:00

VOD

Have the link to the VOD?

Description

Time

  • Played on: March 10, 2017, 9:52 a.m.
  • Length: 4:32
Show
View Real Time Build Order
Export as new Build Order

Railgan Zerg - Winner!

Build Orders: Hatch First 

Get SALT Encoding   

  12  0:01  Drone  
  13  0:13  Overlord  
  13  0:18  Drone  
  14  0:31  Drone x2  
  14  0:35  Drone  
  17  0:45  Drone  
  18  0:57  Hatchery  
  18  0:59  Drone  
  18  1:02  Extractor  
  17  1:14  Spawning Pool  
  17  1:17  Drone  
  17  1:21  Drone  
  18  1:29  Drone  
  19  1:42  Overlord  
  19  1:50  Drone  
  20  2:01  Queen  
  20  2:02  Zergling x2  
  23  2:09  Queen  
  23  2:10  Drone  
  23  2:13  Drone  
  27  2:16  Metabolic Boost  
  27  2:21  Drone  
  29  2:22  Drone  
  29  2:30  Drone  
  29  2:34  Drone  
  31  2:39  Baneling Nest  
  31  2:40  Queen  
  32  2:47  Overlord  
  32  2:48  Drone  
  33  2:52  Zergling x2  
  33  2:58  Drone  
  35  3:04  Drone  
  35  3:06  Drone  
  35  3:10  Drone  
  35  3:11  Drone x2  
  39  3:13  Drone  
  39  3:16  Extractor  
  39  3:20  Zergling x2  
  39  3:21  Zergling x6  
  39  3:22  Baneling x2  
  43  3:28  Roach Warren  
  43  3:29  Overlord  
  43  3:32  Drone  
  42  3:45  Drone  
  42  3:46  Overlord  
  42  3:47  Baneling x3  
  43  3:50  Overlord  
  43  3:54  Baneling x2  
  43  3:55  Zergling x8  
  47  4:02  Drone  
  48  4:03  Drone x3  
Show
View Real Time Build Order
Export as new Build Order

DIMAGA Zerg 

Build Orders: Hatch First, Zergling Baneling 

Get SALT Encoding   

  12  0:00  Drone  
  13  0:12  Overlord  
  13  0:17  Drone  
  14  0:31  Drone x2  
  14  0:34  Drone  
  17  0:52  Hatchery  
  17  0:56  Drone  
  17  0:59  Drone  
  17  1:02  Extractor  
  17  1:15  Spawning Pool  
  16  1:18  Drone  
  16  1:21  Drone  
  18  1:29  Drone  
  19  1:39  Overlord  
  19  1:53  Drone  
  21  2:01  Drone, Queen  
  21  2:05  Metabolic Boost  
  21  2:07  Drone  
  24  2:10  Queen  
  24  2:14  Drone  
  27  2:18  Drone  
  28  2:33  Drone x3  
  31  2:47  Hatchery, Zergling x4  
  31  2:49  Zergling x2  
  33  2:58  Overlord  
  33  3:10  Zergling x2  
  33  3:11  Zergling x4  
  36  3:18  Zergling x6  
  39  3:22  Zergling x10  
  44  3:31  Baneling Nest  
  44  3:32  Overlord  
  41  3:48  Overlord  
  41  3:49  Drone x3  
  41  3:54  Drone x5  
  50  4:06  Overlord  
  50  4:16  Baneling  
  50  4:17  Baneling x7  
Tags
 
Add a new tag
Caveats
  • Supply blocks, unpowered buildings, or Contaminate may cause inaccurate times.
  • Supply counts are checked every 10 seconds.